 Dungeon Crawl Stone Soup version 0.23-a0-143-g1adec7bb76 (webtiles) character file.

31805 PikkenKukken the Martial Artist (level 13, -1/100 HPs)
             Began as a Demonspawn Monk on Sept 2, 2018.
             Was the Champion of Wu Jian.
             Slain by an entropy weaver (9 damage)
             ... on level 11 of the Dungeon on Sept 3, 2018.
             The game lasted 01:53:20 (22756 turns).

PikkenKukken the Martial Artist (Demonspawn Monk)  Turns: 22756, Time: 01:53:20

Health: -1/100     AC:  3    Str:  8    XL:     13   Next: 28%
Magic:  0/24       EV: 18    Int: 20    God:    Wu Jian [******]
Gold:   1725       SH:  0    Dex: 18    Spells: 23/27 levels left

rFire    . . .     SeeInvis .     - Unarmed
rCold    . . .     Gourm    .   (no shield)
rNeg     + . .     Faith    +   K - +1 troll leather armour
rPois    +         Spirit   +   (helmet restricted)
rElec    .         Reflect  .   x - +0 cloak
rCorr    .         Harm     .   (no gloves)
MR       .....                  (boots unavailable)
Stlth    +++.......             r - amulet of faith
HPRegen  0.66/turn              z - +5 ring of intelligence
MPRegen  0.19/turn              D - ring of the Tempest {+Blink rPois rN+ Str-5 Int+2}

@: corroded
A: antennae 2, claws 2, talons 3, powered by pain 1, magic shield
a: Wall Jump, Serpent's Lash, Heavenly Storm, Renounce Religion, Evoke Blink


You were on level 11 of the Dungeon.
You worshipped Wu Jian.
Wu Jian was exalted by your worship.
You were not hungry.

You visited 3 branches of the dungeon, and saw 18 of its levels.
You also visited: Sewer and Bailey.

You collected 1870 gold pieces.
You spent 145 gold pieces at shops.

Inventory:

Hand Weapons
 b - a +3 blowgun
 N - a +0 hand crossbow
Missiles
 h - 20 tomahawks of returning (quivered)
 l - 243 arrows
 C - 29 poisoned needles
 M - 4 needles of paralysis
Armour
 f - +0 fire dragon scales
 x - a +0 cloak (worn)
 K - a +1 troll leather armour (worn)
Jewellery
 a - a +3 ring of dexterity
 i - an uncursed ring of protection from magic
 r - an amulet of faith (around neck)
 z - a +5 ring of intelligence (left claw)
 D - the ring of the Tempest (right claw) {+Blink rPois rN+ Str-5 Int+2}
   (You found it on level 11 of the Dungeon)

   [ring of positive energy]

   It affects your strength (-5).
   It affects your intelligence (+2).
   It protects you from poison.
   It protects you from negative energy.
   It lets you blink.
 I - an uncursed amulet of magic regeneration
 J - an uncursed ring of ice
Wands
 g - a wand of flame (106)
 o - a wand of digging (29)
 s - a wand of iceblast (13)
 u - a wand of polymorph (8)
 H - a wand of enslavement (8)
 O - a wand of disintegration (5)
 Q - a wand of acid (7)
Scrolls
 k - 6 scrolls of teleportation
 p - 2 scrolls of amnesia
 y - a scroll of fog
 A - a scroll of brand weapon
 E - 3 scrolls of enchant weapon
 F - 4 scrolls of remove curse
 L - 2 scrolls of magic mapping
 P - a scroll of identify
Potions
 c - a potion of heal wounds
 d - a potion of resistance
 j - 2 potions of haste
 m - 3 potions of cancellation
 n - 5 potions of agility
 q - 5 potions of lignification
 v - 9 potions of curing
 w - 5 potions of magic
 B - a potion of mutation
 G - 2 potions of brilliance
Comestibles
 e - 24 rations


   Skills:
 + Level 8.9 Fighting
 + Level 7.1 Throwing
 - Level 5.0 Armour
 * Level 8.9 Dodging
 - Level 4.3 Stealth
 * Level 10.8 Unarmed Combat
 + Level 7.9 Spellcasting
 - Level 5.0 Hexes
 + Level 6.3 Evocations


You had 23 spell levels left.
You knew the following spells:

 Your Spells              Type           Power        Failure   Level  Hunger
a - Slow                  Hex            ####....     2%          2    None
b - Blink                 Tloc           N/A          19%         2    None

Your spell library contained the following spells:

 Spells                   Type           Power        Failure   Level  Hunger
 Magic Dart               Conj           #...         12%         1    None
 Dazzling Spray           Conj/Hex       ###...       13%         3    None
 Call Imp                 Summ           #.......     19%         2    None
 Searing Ray              Conj           #.....       19%         2    None
 Conjure Flame            Conj/Fire      #.......     34%         3    None
 Mephitic Cloud           Conj/Pois/Air  #.......     34%         3    None
 Fulminant Prism          Conj/Hex       ###.......   38%         4    ###....
 Force Lance              Conj/Tloc      #.......     75%         4    ###....
 Iskenderun's Mystic Bla  Conj           #.......     75%         4    ###....


Dungeon Overview and Level Annotations

Branches:
Dungeon (12/15)            Temple (1/1) D:5            Lair (5/6) D:10
  Swamp (0/4) Lair:4       Spider (0/4) Lair:4
  Slime: Lair:5-6       Orc: D:9-12

Altars:
Ashenzari
Cheibriados
Dithmenos
Elyvilon
Fedhas
Gozag
Hepliaklqana
Kikubaaqudgha
Makhleb
Nemelex Xobeh
Okawaru
Qazlal
Ru
Sif Muna
Trog
Uskayaw
Vehumet
Wu Jian
Xom
Yredelemnul
Zin
The Shining One

Shops:
D:6 (   D:9 *

Annotations:
D:5 2 transporters
D:10 2 runed doors
Lair:1 exclusion: 3 oklob plants
Lair:5 1 runed door


Innate Abilities, Weirdness & Mutations

You have a pair of antennae on your head.
You have very sharp fingernails.
You have claws for feet.
You sometimes gain a little power by taking damage.
When hurt, damage is shared between your health and your magic reserves.


Message History

You feel your power returning. The entropy weaver hits you.
The entropy weaver closely misses you.
You scratch the entropy weaver but do no damage.
Your kick misses the entropy weaver.
The entropy weaver is moderately wounded.
The entropy weaver hits you. x2; The entropy weaver hits you! x2
Your troll leather armour prevents you from hitting the entropy weaver.
You claw the entropy weaver, but do no damage.
The entropy weaver is moderately wounded.
The entropy weaver hits you!
* * * LOW HITPOINT WARNING * * *
The entropy weaver hits you!
* * * LOW HITPOINT WARNING * * *
The entropy weaver completely misses you.
The entropy weaver hits you!
* * * LOW HITPOINT WARNING * * *
The entropy weaver hits you!
* * * LOW HITPOINT WARNING * * *
The entropy weaver misses you. The entropy weaver hits you!
You die...

###.####.#
#.##.####...........#
#......#
#.##........##.#.#...
########
#.#######...##.#.#.##
##.#########....#.....
##..(....# #.#######.#
##.....##.# #....#....#
#.........####.##.#.####
##......#.##......#.#
##...#@#.##........####
#...).a.##.....#####..
#.##.##.##..?..# #.#
#...(...##.....# #.#
####(########### #.#
####.######## #.#
#.).(..(....########.#
#.##.(<####.#..ยง>..#.#
#.##(((..##.#a####.#.#


You could see an entropy weaver.

Vanquished Creatures
  A hydra (D:10)
  Harold (D:7)
  The ghost of Miobiblu the Basher, a journeyman TrBe of Trog (Lair:1)
  A two-headed ogre (D:9)
  A catoblepas (D:9)
  Erica (Lair:2)
  A fire crab (D:8)
  Pikel (D:7)
  2 orc knights (Bailey)
  2 deep elf magi
  An ugly thing (D:11)
  A manticore (D:10)
  A cyclops (D:11)
  3 elephants
  A black mamba (Lair:3)
  8 spiny frogs
  A torpor snail (Lair:5)
  A kobold demonologist (D:8)
  7 komodo dragons
  A rime drake (Lair:2)
  A jumping spider (Lair:4)
  A tyrant leech (Lair:4)
  2 trolls (D:9)
  Grinder (D:4)
  A hornet (Lair:4)
  7 dream sheep
  3 hippogriffs
  2 redbacks (Lair:4)
  A shadow (D:10)
  21 yaks
  2 wraiths
  2 basilisks
  Menkaure (D:4)
  Edmund (D:6)
  A swamp worm (Lair:4)
  10 water moccasins
  3 soldier ants
  10 porcupines
  An ice beast (D:6)
  6 orc warriors
  3 black bears
  4 sky beasts
  2 slaves (D:7)
  A necrophage (D:7)
  2 phantoms
  6 wolves (Lair:2)
  5 ogres
  10 crocodiles
  5 centaurs
  6 big kobolds
  Blork the orc (D:6)
  14 bullfrogs
  2 gnoll sergeants (D:10)
  3 scorpions
  10 wights
  A howler monkey (D:5)
  6 crimson imps
  A centaur zombie (D:9)
  A quasit (D:7)
  2 bullfrog zombies
  6 hounds
  3 jellies
  3 bullfrog skeletons
  8 orc priests
  Crazy Yiuf (D:7)
  3 centaur skeletons
  3 iguanas
  Ijyb (D:5)
  10 orc wizards
  12 worker ants
  10 gnolls
  2 worker ant zombies
  15 adders
  4 river rats
  3 shadow imps
  5 oozes
  6 worms
  3 dart slugs
  8 leopard geckos
  30 orcs
  2 ball pythons (Sewer)
  5 giant cockroaches
  6 hobgoblins
  6 quokkas
  3 bats
  4 frilled lizards
  10 goblins
  A jackal zombie (D:6)
  23 kobolds
  2 leopard gecko skeletons
  A leopard gecko zombie (D:7)
  A quokka skeleton (D:9)
  10 rats
409 creatures vanquished.

Vanquished Creatures (collateral kills)
  A shadow imp (D:8)
1 creature vanquished.

Vanquished Creatures (others)
  2 orc priests (D:8)
  8 fungi
  7 plants
  3 toadstools (Lair:5)
  2 withered plants (Lair:1)
22 creatures vanquished.

Grand Total: 432 creatures vanquished

Notes
Turn   | Place    | Note
-------+----------+-------------------------------------------
     0 | D:1      | PikkenKukken the Demonspawn Monk began the quest for the
                  | Orb.
     0 | D:1      | Reached XP level 1. HP: 18/18 MP: 1/1
   620 | D:1      | Gained mutation: When hurt, damage is shared between your
                  | health and your magic reserves. [demonic ancestry]
   620 | D:1      | Reached XP level 2. HP: 20/24 MP: 2/2
   901 | D:2      | Reached skill level 3 in Unarmed Combat
  1155 | D:2      | Gained mutation: You have sharp fingernails. [demonic
                  | ancestry]
  1155 | D:2      | Reached XP level 3. HP: 29/29 MP: 3/3
  1550 | D:2      | Reached XP level 4. HP: 35/35 MP: 4/4
  2320 | D:3      | Gained mutation: You have very sharp fingernails. [demonic
                  | ancestry]
  2320 | D:3      | Reached XP level 5. HP: 37/42 MP: 5/5
  2872 | D:4      | Noticed a phantom
  2924 | D:3      | Killed a phantom
  2924 | D:3      | Reached skill level 1 in Armour
  2924 | D:3      | Reached skill level 4 in Unarmed Combat
  3244 | D:4      | Gained mutation: You sometimes gain a little power by
                  | taking damage. [demonic ancestry]
  3244 | D:4      | Reached XP level 6. HP: 43/48 MP: 4/6
  3383 | D:4      | Noticed Menkaure
  3696 | D:3      | Reached skill level 1 in Throwing
  3847 | D:4      | Noticed Grinder
  4170 | D:4      | Paralysed by Grinder for 7 turns
  4184 | D:4      | Killed Grinder
  4184 | D:4      | Gained mutation: You have a pair of small antennae on your
                  | head. [demonic ancestry]
  4184 | D:4      | Reached XP level 7. HP: 48/55 MP: 4/7
  4289 | D:4      | Killed Menkaure
  4694 | D:5      | Entered Level 5 of the Dungeon
  4707 | D:5      | Reached skill level 5 in Unarmed Combat
  4719 | D:5      | Found a transporter.
  4721 | D:5      | Noticed a centaur warrior
  4724 | D:5      | Noticed a hungry ghost
  4727 | D:5      | Found a hazy altar of Hepliaklqana.
  4727 | D:5      | Noticed a gargoyle
  4748 | D:5      | Found a transporter.
  4903 | D:5      | Found a sacrificial altar of Ru.
  5033 | D:5      | Found a glowing drain.
  5037 | Sewer    | Entered a sewer
  5609 | Sewer    | Reached XP level 8. HP: 57/61 MP: 8/8
  5918 | D:5      | Found a staircase to the Ecumenical Temple.
  5920 | D:5      | Noticed Ijyb
  5935 | D:5      | Killed Ijyb
  5951 | Temple   | Entered the Ecumenical Temple
  6033 | Temple   | Became a worshipper of the Wu Jian Council
  6033 | Temple   | Reached * piety under Wu Jian
  6033 | Temple   | Reached ** piety under Wu Jian
  6473 | D:6      | Found a burning altar of Makhleb.
  6479 | D:6      | Noticed Edmund
  6483 | D:6      | Found a snail-covered altar of Cheibriados.
  6483 | D:6      | Found a deep blue altar of Sif Muna.
  6483 | D:6      | Found a shadowy altar of Dithmenos.
  6485 | D:6      | Found a shattered altar of Ashenzari.
  6501 | D:6      | Killed Edmund
  6501 | D:6      | Reached skill level 5 in Fighting
  6602 | D:6      | Found a bloodstained altar of Trog.
  6696 | D:6      | Reached skill level 1 in Spellcasting
  6847 | D:5      | Reached skill level 6 in Unarmed Combat
  7535 | D:6      | Found Tiumasyt's Antique Weapon Boutique.
  7667 | D:6      | Noticed Blork the orc
  7690 | D:6      | Killed Blork the orc
  7769 | D:6      | Gained mutation: You have a pair of antennae on your head.
                  | [demonic ancestry]
  7769 | D:6      | Reached XP level 9. HP: 68/68 MP: 12/12
  8108 | D:6      | Reached skill level 5 in Dodging
  8257 | D:7      | Found a hide-covered altar of Uskayaw.
  8512 | D:6      | Reached *** piety under Wu Jian
  8689 | D:7      | Found a runed door.
  8693 | D:7      | Noticed Crazy Yiuf
  8697 | D:7      | Killed Crazy Yiuf
  9195 | D:6      | Reached skill level 7 in Unarmed Combat
  9275 | D:7      | Learned a level 2 spell: Slow
  9970 | D:8      | Reached skill level 1 in Hexes
  9970 | D:8      | Reached skill level 1 in Evocations
 10081 | D:8      | Reached **** piety under Wu Jian
 10119 | D:8      | Gained mutation: You have sharp toenails. [demonic
                  | ancestry]
 10119 | D:8      | Reached XP level 10. HP: 63/76 MP: 14/16
 10279 | D:8      | Noticed Harold
 10310 | D:8      | HP: 1/76 [Harold/hand axe (11)]
 10635 | D:7      | Killed Harold
 10831 | D:8      | Noticed Pikel
 11173 | D:7      | Killed Pikel
 11173 | D:7      | Reached skill level 5 in Spellcasting
 11245 | D:8      | Found a transporter.
 11249 | D:8      | Noticed a fire crab
 11364 | D:8      | Found a transporter.
 11576 | D:9      | Reached skill level 8 in Unarmed Combat
 11855 | D:9      | Noticed a two-headed ogre
 11887 | D:9      | Killed a two-headed ogre
 11986 | D:9      | Found Plog's General Store.
 12000 | D:9      | Bought 7 needles of paralysis for 46 gold pieces
 12000 | D:9      | Bought 8 needles of confusion for 44 gold pieces
 12000 | D:9      | Bought a potion of heal wounds for 55 gold pieces
 12510 | D:9      | Reached skill level 5 in Throwing
 12570 | D:9      | Gained mutation: You have razor-sharp toenails. [demonic
                  | ancestry]
 12570 | D:9      | Reached XP level 11. HP: 66/83 MP: 14/19
 12759 | D:10     | Entered Level 10 of the Dungeon
 13030 | D:10     | Found a staircase to the Lair.
 13030 | D:10     | Found a flagged portal.
 13039 | Bailey   | Entered a bailey
 13104 | Bailey   | Noticed an orc knight
 13133 | Bailey   | Killed an orc knight
 13203 | Bailey   | Noticed an orc knight
 13291 | Bailey   | Killed an orc knight
 13393 | Bailey   | Found an iron altar of Okawaru.
 13494 | D:10     | Reached ***** piety under Wu Jian
 14096 | D:10     | Noticed a catoblepas
 14099 | D:10     | Noticed a deep elf mage
 14228 | D:9      | Killed a catoblepas
 14228 | D:9      | Reached skill level 9 in Unarmed Combat
 14455 | D:10     | Killed a deep elf mage
 14488 | D:10     | Found a large runed door.
 14489 | D:10     | Found a large runed door.
 14598 | Lair:1   | Entered Level 1 of the Lair of Beasts
 14598 | Lair:1   | Noticed a seven-headed hydra
 14619 | D:10     | Killed a seven-headed hydra
 15038 | Lair:1   | Noticed an oklob plant
 15039 | Lair:1   | Noticed an oklob plant
 15041 | Lair:1   | Noticed an oklob plant
 15325 | Lair:1   | You fall through a shaft!
 15466 | Lair:2   | Noticed Erica
 15534 | Lair:2   | Reached XP level 12. HP: 80/92 MP: 19/22
 15661 | Lair:1   | Found a runed door.
 15661 | Lair:1   | Noticed Miobiblu's ghost (journeyman TrBe)
 16194 | Lair:2   | Killed Erica
 17023 | Lair:3   | Reached skill level 5 in Evocations
 17357 | Lair:3   | Reached skill level 5 in Hexes
 17361 | Lair:3   | Learned a level 2 spell: Blink
 18232 | Lair:4   | Reached skill level 10 in Unarmed Combat
 18429 | Lair:4   | Reached skill level 5 in Armour
 18525 | Lair:4   | Found a staircase to the Swamp.
 18668 | Lair:4   | Found a hole to the Spider Nest.
 19354 | Lair:5   | Paralysed by a hornet for 2 turns
 19358 | Lair:4   | Paralysed by a hornet for 1 turns
 20103 | Lair:5   | Gained mutation: You have claws for feet. [demonic
                  | ancestry]
 20103 | Lair:5   | Reached XP level 13. HP: 99/99 MP: 24/24
 20384 | Lair:5   | Found a runed door.
 21381 | Lair:1   | Killed Miobiblu's ghost
 22227 | D:11     | Got a scintillating lapis lazuli ring
 22229 | D:11     | Identified the ring of the Tempest {+Blink rPois rN+ Str-5
                  | Int+2} (You found it on level 11 of the Dungeon)
 22252 | D:12     | Reached ****** piety under Wu Jian
 22471 | D:12     | Noticed an entropy weaver
 22756 | D:11     | Slain by an entropy weaver

Vault maps used:
D:1:      giann_bridges
D:2:      serial_glass, glass_columns_a, glass_columns_b
D:3:      minmay_surrounded
D:4:      first_ration, uniq_grinder, uniq_menkaure
D:5:      kennysheep_mini_moat, gammafunk_temple_overflow_arena,
          minmay_temple_entry_overgrown, gup_sewer_entry_bowl, uniq_ijyb
D:6:      minitemple, serial_shops, shop, uniq_blork_the_orc, uniq_edmund
D:7:      kennysheep_mini, uniq_crazy_yiuf_cottage
D:8:      gammafunk_wand_slinger, uniq_pikel, uniq_harold
D:9:      serial_shops, shop
D:10:     due_lair_maze_entry_diamond, enter_bailey_2, blue_anna_alchemist,
          jmf_multi_god_temple2
D:12:     david_orc_5, serial_shops, shop_statue, zaba_antful_of_joy
Temple:   nicolae_temple_god_jail
Lair:1:   gammafunk_ghost_grave, minmay_lair_oklob_chamber
Lair:2:   beast_lair_carwin_10, uniq_erica
Lair:3:   lemuel_fruit_tree
Lair:4:   minmay_swamp_entry_worms, spider_nest_entry_a
Lair:5:   gammafunk_lair_enchanted_lake, infiniplex_staircase_pool_2
Sewer:    sewer_co_tree
Bailey:   bailey_axe_3, bailey

Skill      XL: |  1  2  3  4  5  6  7  8  9 10 11 12 13 |
---------------+----------------------------------------+-----
Stealth        | 2 3 4 |  4.3
Dodging        | 3 4 5 6 8 |  8.9
Unarmed Combat | 3 4 5 6 7 8 9 10 | 10.8
Armour         | 1 2 3 4 5 |  5.0
Fighting       | 4 5 6 7 8 |  8.9
Throwing       | 1 2 3 4 5 6 7 |  7.1
Spellcasting   | 2 4 5 6 7 |  7.9
Hexes          | 1 3 4 5 |  5.0
Evocations     | 1 3 4 5 6 |  6.3

Action                   |  1- 3 |  4- 6 |  7- 9 | 10-12 | 13-15 || total
-------------------------+-------+-------+-------+-------+-------++-------
Melee: Unarmed           |   102 |   188 |   507 |   827 |   162 ||  1786
       Punch             |     1 |     3 |    13 |    50 |    12 ||    79
       Kick              |       |       |       |   324 |    64 ||   388
       Blowgun           |       |       |       |    24 |     3 ||    27
 Fire: Blowgun           |       |       |       |   108 |     7 ||   115
Throw: Javelin           |     4 |    16 |    48 |    16 |       ||    84
       Tomahawk          |       |     3 |    19 |   143 |   118 ||   283
 Cast: Slow              |       |       |       |    54 |     3 ||    57
       Blink             |       |       |       |       |     2 ||     2
Invok: Whirlwind         |       |       |    36 |   141 |    33 ||   210
       Lunge             |       |       |    20 |    47 |     7 ||    74
       Wall Jump         |       |       |    35 |    65 |    21 ||   121
       Serpent's Lash    |       |       |       |     5 |     1 ||     6
 Abil: Wall Jump         |       |       |     1 |       |       ||     1
Evoke: Wand              |       |       |       |     4 |    13 ||    17
  Use: Scroll            |     1 |     5 |    10 |    17 |     2 ||    35
       Potion            |       |     1 |       |     7 |     2 ||    10
 Stab: Sleeping          |     4 |       |       |     2 |       ||     6
       Paralysed         |       |       |       |    12 |       ||    12
       Confused          |       |       |       |     4 |       ||     4
       Distracted        |       |       |       |     1 |       ||     1
  Eat: Chunk             |     2 |     7 |    14 |    26 |     5 ||    54
       Ration            |       |     1 |     1 |     2 |     2 ||     6
Armor: Robe              |    15 |       |       |       |       ||    15
       Fire dragon scale |       |    96 |   192 |    64 |       ||   352
       Troll leather arm |       |       |       |    95 |    23 ||   118
Dodge: Dodged            |    53 |    73 |   190 |   542 |   114 ||   972

Table legend:
 A = Non-vault XP
 B = Vault XP
 C = Vault XP percentage of total XP
 D = Non-vault monster count
 E = Vault monster count
 F = Vault count percentage of total count
                 A         B        C        D         E       F
            +---------+---------+-------+---------+---------+-------
      Total |   30440 |   14996 |  33.0 |     298 |     110 |  27.0
            +---------+---------+-------+---------+---------+-------
        D:1 |      27 |       0 |   0.0 |      11 |       0 |   0.0
        D:2 |      84 |       0 |   0.0 |      18 |       0 |   0.0
        D:3 |     359 |      22 |   5.8 |      24 |       5 |  17.2
        D:4 |     209 |     453 |  68.4 |      13 |       2 |  13.3
        D:5 |     312 |      57 |  15.4 |       9 |       5 |  35.7
        D:6 |    1269 |     253 |  16.6 |      24 |       2 |   7.7
        D:7 |    1557 |    1682 |  51.9 |      30 |       3 |   9.1
        D:8 |    1235 |    1262 |  50.5 |      26 |       7 |  21.2
        D:9 |    3643 |     933 |  20.4 |      21 |       1 |   4.5
       D:10 |    2947 |    2390 |  44.8 |      33 |      13 |  28.3
       D:11 |    2799 |     311 |  10.0 |      19 |       2 |   9.5
       D:12 |     984 |     284 |  22.4 |       6 |       5 |  45.5
     Lair:1 |    1564 |    1701 |  52.1 |       9 |       4 |  30.8
     Lair:2 |    1535 |    1816 |  54.2 |       6 |       9 |  60.0
     Lair:3 |    2642 |       0 |   0.0 |      12 |       0 |   0.0
     Lair:4 |    5803 |    1210 |  17.3 |      25 |       5 |  16.7
     Lair:5 |    3471 |     743 |  17.6 |      12 |       3 |  20.0
      Sewer |       0 |     536 | 100.0 |       0 |      28 | 100.0
     Bailey |       0 |    1343 | 100.0 |       0 |      16 | 100.0
            +---------+---------+-------+---------+---------+-------
